 Dungeon Sprint DCSS version 0.31-a0-1439-g542172135e (webtiles) character file.

Game seed: 17403920757945528499

233 Conn the Firebug (level 6, -5/36 HPs)
             Began as an Octopode Fire Elementalist on Dec 27, 2023.
             Slain by a vampire mosquito (6 damage)
             ... in the Dungeon (Sprint II: "The Violet Keep of Menkaure").
             The game lasted 00:01:20 (50 turns).

Conn the Firebug (Octopode Fire Elementalist)         Turns: 50, Time: 00:01:21

Health: -5/36      AC:  1    Str:  7    XL:     6   Next: 5%
Magic:  9/14       EV: 14    Int: 20    God:
Gold:   243        SH:  0    Dex: 12    Spells: 15/16 levels left

rFire   . .          .
                       - Unarmed
rCold   . . .        (no shield)
rNeg    . . .        (helmet restricted)
rPois   .            (no amulet)
rElec   .            (no ring)
rCorr   .            (no ring)
SInv    .            (no ring)
Will    .....        (no ring)
Stlth   ++++         (no ring)
HPRegen 0.26/turn    (no ring)
MPRegen 0.14/turn    (no ring)
                     (no ring)

%: no teleportation
@: on berserk cooldown
A: almost no armour, amphibious, 8 rings, camouflage 1, gelatinous body 1,
(nimble swimmer 1), tentacles
a: no special abilities


You were in the Dungeon.
You visited 1 branch You collected 243 gold pieces.

Inventory:

Potions
 a - 3 potions of magic


   Skills:
 + Level 4.1 Dodging
 + Level 5.2 Stealth
 + Level 2.2 Unarmed Combat
 * Level 5.9 Spellcasting
 * Level 4.7 Conjurations
 + Level 7.8 Fire Magic


You had 15 spell levels left.
You knew the following spells:

 Your Spells              Type           Power      Damage    Failure   Level
a - Foxfire               Conj/Fire      100%       2x1d9     1%          1

Your spell library contained the following spells:

 Spells                   Type           Power      Damage    Failure   Level
 Scorch                   Fire           74%        2d8       1%          2
 Inner Flame              Hex/Fire       21%        N/A       6%          3
 Volatile Blastmotes      Fire/Tloc      42%        2d13      6%          3
 Flame Wave               Conj/Fire      31%        2d9       8%          4


Dungeon Overview and Level Annotations

Branches:
Dungeon (1/1)

Altars:

Shops:
D =(=[!!

Annotations:
D exclusion: ice statue


Innate Abilities, Weirdness & Mutations

You cannot wear most types of armour.
You are amphibious.
You can wear up to eight rings at the same time.
Your skin changes colour to match your surroundings (Stealth+).
Your rubbery body absorbs attacks. (AC +1, EV +1)
((You are camouflaged when in or above water. (Stealth+)))
You have tentacles for arms and can constrict up to eight enemies at once.


Message History

The vampire mosquito bites you.
The vampire mosquito draws strength from your injuries!
The vampire mosquito bites you!
* * * LOW HITPOINT WARNING * * *
The vampire mosquito draws strength from your injuries!
Blink to where?
Press: ? - help, Dir - move target Floosh!
As you read the scroll of blinking, it crumbles to dust.
You feel yourself slow down.
There is an open door here.
You feel better. The vampire mosquito bites you!
* * * LOW HITPOINT WARNING * * *
The vampire mosquito draws strength from your injuries!
The vampire mosquito barely misses you.
The ice statue glitters chillingly in the dim dungeon light.
Casting: Foxfire (safe; 1% risk of failure)
Confirm with . or Enter, or press ? or * to list all spells.
Okay, then.
Unknown command.
Unknown command.
Unknown command.
Okay, then.
Unknown command.
Unknown command.
You miss the vampire mosquito. Your grab misses the vampire mosquito.
You squeeze the vampire mosquito.
The vampire mosquito is moderately damaged.
The vampire mosquito barely misses you. The vampire mosquito bites you!
* * * LOW HITPOINT WARNING * * *
The vampire mosquito draws strength from your injuries!
Unknown command.
Unknown command.
Unknown command.
You miss the vampire mosquito. Your grab misses the vampire mosquito.
The vampire mosquito barely misses you.
Unknown command.
You closely miss the vampire mosquito. Your grab misses the vampire mosquito.
The vampire mosquito barely misses you. The vampire mosquito bites you.
You die...

.. ∩.. #~ #+#
.∩..#~ ##.##
∩.∩.+~ +.<.+
.∩.∩#~ ##.##
###~## ##†##
#~~####.#.##
#~~~#..#..#
#'#y###@### §
#:#~~##y##~~~≈
####~~~~~~~~~§§
#+++#+++#~≈≈
°°.. ......
..8.....+
...°...##
...°...##


You could see an ice statue and a vampire mosquito.

Vanquished Creatures
  4 scorpions (D)
4 creatures vanquished.

Vanquished Creatures (others)
  2 foxfires (D)
2 creatures vanquished.

Grand Total: 6 creatures vanquished

Notes
Turn   | Place    | Note
-------+----------+-------------------------------------------
     0 | D        | Conn the Octopode Fire Elementalist began the quest for the
                  | Orb.
     0 | D        | Reached XP level 1. HP: 11/11 MP: 3/3
     1 | D        | Noticed a scorpion
     1 | D        | Noticed a scorpion
     1 | D        | Noticed a scorpion
     1 | D        | Noticed a scorpion
     6 | D        | Killed a scorpion
     7 | D        | Reached skill level 5 in Fire Magic
     7 | D        | Reached XP level 2. HP: 14/17 MP: 4/7
     7 | D        | Reached XP level 3. HP: 18/21 MP: 4/8
     7 | D        | Reached XP level 4. HP: 23/27 MP: 5/10
    12 | D        | Killed a scorpion
    13 | D        | Reached skill level 1 in Unarmed Combat
    13 | D        | Reached skill level 6 in Fire Magic
    15 | D        | Killed a scorpion
    16 | D        | Reached skill level 5 in Spellcasting
    16 | D        | Reached skill level 7 in Fire Magic
    16 | D        | Reached XP level 5. HP: 18/31 MP: 5/12
    21 | D        | Reached skill level 5 in Stealth
    21 | D        | Reached XP level 6. HP: 23/36 MP: 6/14
    31 | D        | Noticed an ice statue
    34 | D        | Found Quim's Distillery.
    35 | D        | Found Sipe's Distillery.
    36 | D        | Found Baoridgh's Antique Armour Boutique.
    36 | D        | Found Yttegeixt's Jewellery Shop.
    37 | D        | Found Fociesog's Antique Weapon Shop.
    37 | D        | Found Evvaumu's Jewellery Boutique.
    38 | D        | Noticed a vampire mosquito
    42 | D        | HP: 1/36 [vampire mosquito (9)]
    48 | D        | HP: 1/36 [vampire mosquito (7)]
    50 | D        | Slain by a vampire mosquito

Illustrated notes

Levels and vault maps discovered:
D:        the_violet_keep_of_menkaure [sprint2_stairs_cluster_1,
          sprint2_shoproom, sprint2_temple, sprint2_basic_supplies,
          sprint2_obstacle_2, sprint2_obstacle_4, sprint2_obstacle_1,
          sprint2_obstacle_7, sprint2_obstacle_5, sprint2_timed_cluster_1,
          sprint2_smallroom_cluster_1, sprint2_smallroom_final_cluster_1,
          sprint2_transparent_cluster_1, sprint2_second_timed_cluster_1,
          sprint2_sniper_area_1, sprint2_heavy_combat_area_1,
          sprint2_mutation_trap_area_1, sprint2_forest_area_1,
          sprint2_light_combat_area_1, sprint2_behind_water_1,
          sprint2_near_end_vault_1]

Skill      XL: |  1  2  3  4  5 |
---------------+----------------+-----
Dodging        | 3 4 |  4.1
Stealth        | 3 4 5 |  5.2
Spellcasting   | 4 5 |  5.9
Conjurations   | 2 4 |  4.7
Fire Magic     | 5 7 |  7.8
Unarmed Combat | 1 2 |  2.2

Action                     |  1- 3 |  4- 6 || total
---------------------------+-------+-------++-------
  Melee: Unarmed           |     3 |    16 ||    19
         Tentacles         |     1 |     3 ||     4
         Constrict         |     1 |     2 ||     3
   Cast: Foxfire           |       |     1 ||     1
    Use: Potion            |     2 |     2 ||     4
         Scroll            |       |     1 ||     1
 Armour: Skin              |     1 |    11 ||    12
  Dodge: Dodged            |     2 |    11 ||    13

Table legend: (Time is in decaauts)
 A = Elapsed time spent in this place.
 B = Non-inter-level travel time spent in this place.
 C = Inter-level travel time spent in this place.
 D = Time resting spent in this place.
 E = Time spent auto-exploring this place.
 F = Levels seen in this place.
 G = Mean time per level.
                   A        B        C        D        E       F      G
               +--------+--------+--------+--------+--------+-----+--------+
         Total |     43 |     43 |      0 |      0 |      0 |   1 |   43.0 |
       Dungeon |     43 |     43 |      0 |      0 |      0 |   1 |   43.0 |
               +--------+--------+--------+--------+--------+-----+--------+

Top non-repeatable levels by time:
       D: 43 daAuts
